Description

This is a game from Vanya against GungFuBanda.

This build order is an agressive timing against a fast third from the protoss player. It's designed to be a strong timing in the current meta.

VOD

https://youtu.be/tdo15x0IC3Y

Replay - GunGFuBanDa v Vanya - Zen LE

Build Order

Get SALT Encoding   

  12  0:00  Drone  
  13  0:12  Overlord  
  13  0:16  Drone  
  14  0:30  Drone x2  
  16  0:46  Drone  
  17  0:52  Hatchery  
  17  0:55  Drone x2  
  18  1:09  Extractor  
  17  1:14  Spawning Pool  
  17  1:17  Drone x2  
  18  1:27  Drone  
  20  1:49  Overlord  
  20  2:00  Queen x2  
  22  2:04  Zergling x4  
  26  2:12  Metabolic Boost  
  29  2:36  Hatchery  
  30  2:47  Queen  
  32  2:51  Zergling x4  
  32  2:57  Overlord  
  36  3:17  Zergling x4, Overlord  
  41  3:30  Overlord  
  41  3:36  Queen  
  44  3:47  Queen  
  46  3:52  Spore Crawler x2  
  47  4:02  Evolution Chamber  
  55  4:23  Spore Crawler  
  56  4:29  Zerg Melee Weapons Level 1  
  56  4:35  Extractor  
  57  4:45  Baneling Nest  
  58  4:55  Zergling x8  
  73  5:34  Baneling x10  
  80  6:44  Lair  
  87  7:11  Extractor  
  88  7:16  Extractor x2  
  88  7:17  Hatchery  
  85  7:23  Roach Warren  
  92  7:37  Extractor  
  92  7:42  Zerg Melee Weapons Level 2  
  91  7:49  Spire  
  97  7:59  Roach Warren  
  96  9:01  Mutalisk x10  
  120  9:05  Glial Reconstitution  
  120  9:17  Roach x3  
  132  9:20  Centrifical Hooks  
  137  9:32  Extractor  
  137  9:35  Corruptor x3  
  141  9:49  Corruptor  
Spawning Tool Build Advisor. Get it on Overwolf

Go to:

Details

  • Created by: zuka      
  • Published on: Jun 08, 2020
  • Patch: 4.11.0
  • Difficulty: Medium
Show
View Real Time Build Order
Export as new Build Order

Comments (0)

There are no comments. Be the first!

Create an account to comment!